 Dungeon Crawl Stone Soup version 0.22.0-38-g04b72b8 (webtiles) character file.

14077 Lew the Blocker (level 12, -1/86 HPs)
             Began as a Formicid Fighter on Aug 31, 2018.
             Was the Champion of Okawaru.
             Slain by a red ugly thing (13 damage)
             ... on level 11 of the Dungeon.
             The game lasted 00:31:28 (11393 turns).

Lew the Blocker (Formicid Fighter)                 Turns: 11393, Time: 00:31:29

Health: -1/86      AC: 13    Str: 30    XL:     12   Next: 40%
Magic:  15/15      EV: 15    Int:  9    God:    Okawaru [******]
Gold:   239        SH: 19    Dex: 19    Spells: 11/11 levels left

rFire    . . .     SeeInvis +   v - +6 war axe
rCold    + . .     Gourm    .   c - +4 shield
rNeg     + . .     Faith    +   g - +1 ring mail of Yjerut {rElec rN+ Str+4}
rPois    .         Spirit   .   (helmet unavailable)
rElec    +         Reflect  .   o - +2 cloak
rCorr    .         Harm     .   z - +0 pair of gloves {archery}
MR       +....                  (no boots)
Stlth    +++.......             b - amulet of faith
HPRegen  0.24/turn              m - +5 ring of dexterity
MPRegen  0.14/turn              (no ring)

@: mighty
A: permanent stasis, dig shafts and tunnels, four strong arms, antennae 3, cold
resistance 1, sense surroundings 2
a: Dig, Shaft Self, Heroism, Finesse, Renounce Religion


You were on level 11 of the Dungeon.
You worshipped Okawaru.
Okawaru was exalted by your worship.
You were not hungry.

You visited 2 branches of the dungeon, and saw 12 of its levels.

You collected 498 gold pieces.
You spent 259 gold pieces at shops.

Inventory:

Hand Weapons
 v - a +6 war axe (weapon)
 x - a +1 halberd of protection
Armour
 c - a +4 shield (worn)
 g - the +1 ring mail of Yjerut (worn) {rElec rN+ Str+4}
   (You found it on level 4 of the Dungeon)

   It affects your strength (+4).
   It insulates you from electricity.
   It protects you from negative energy.
 o - a +2 cloak (worn)
 z - a +0 pair of gloves of archery (worn)
Jewellery
 a - an uncursed ring of ice
 b - an amulet of faith (around neck)
 m - a +5 ring of dexterity (left hand)
Wands
 e - a wand of iceblast (4)
 i - a wand of polymorph (21)
 r - a wand of digging (5)
Scrolls
 n - 10 scrolls of remove curse
 p - a scroll of immolation
Potions
 h - 3 potions of flight
 j - 2 potions of magic
 l - a potion of lignification
 s - a potion of cancellation
Comestibles
 f - 7 rations
 k - 2 chunks of flesh


   Skills:
 - Level 5.0 Fighting
 + Level 9.4 Axes
 + Level 10.0 Armour
 - Level 5.0 Dodging
 - Level 5.0 Stealth
 * Level 13.9 Shields
 - Level 5.0 Invocations


You had 11 spell levels left.
You didn't know any spells.
Your spell library was empty.

Dungeon Overview and Level Annotations

Branches:
Dungeon (11/15)            Temple (1/1) D:4            Lair (0/6) D:10
    Orc (0/2) D:9

Altars:
Ashenzari
Cheibriados
Dithmenos
Elyvilon
Fedhas
Gozag
Hepliaklqana
Kikubaaqudgha
Makhleb
Nemelex Xobeh
Okawaru
Qazlal
Ru
Sif Muna
Trog
Uskayaw
Vehumet
Wu Jian
Xom
Yredelemnul
Zin
The Shining One

Shops:
D:7 }?[%   D:9 !

Annotations:
D:11 3 runed doors, Lew's ghost, journeyman GrFi; conein's ghost, novice DsMo; p0werm0de's ghost, novice VSWn


Innate Abilities, Weirdness & Mutations

You cannot be hasted, slowed, berserked, paralysed or teleported.
You can dig through walls and to a lower floor.
Your four strong arms can wield two-handed weapons with a shield.
You have a pair of large antennae on your head. (SInv)
Your flesh is cold resistant. (rC+)
You passively map the area around you.


Message History

You are too injured to fight recklessly!
You are too injured to fight recklessly!
You are too injured to fight recklessly!
You slash the red ugly thing!
The red ugly thing is moderately wounded.
The red ugly thing misses you.
You slash the red ugly thing!
The red ugly thing is heavily wounded.
The red ugly thing tentacle-slaps you.
You are engulfed in flames!!
* * * LOW HITPOINT WARNING * * *
Okay, then.
You see here a tomahawk.
You feel very mighty all of a sudden. You block the red ugly thing's attack.
You slice the red ugly thing!!
The red ugly thing is almost dead.
The red ugly thing tentacle-slaps you.
* * * LOW HITPOINT WARNING * * *
You are engulfed in flames!
You die...

,
,#.#.#..#...............
,#..#............... * *
≈ ,
#.#..#.###........... ,
≈≈.. #.#..#.#
##+###.##### , ≈≈ ≈≈..
#.#..#.# { ##### *
#....#.#..#.# *
{##{P⌠P## ,,
#.#....#.#..#.# * {
#8....#. *
......#.#..#.# *
?..$..#. #.....#.#.@#.#
*[....,+. * *,
#.......(u...# *,,
8.....+. *
#..##.#..#.### )..W.W+.
, .##...#.#(.#.#
[....W#. .............#
#8...W#. * ##.#.#)#..###
##.P⌠.## #.#..# *
######### ,#.#..#
......... #.#..#
,........#


You could see a red ugly thing.

Vanquished Creatures
  Erolcha (D:11)
  Fannar (D:11)
  4 two-headed ogres
  2 trolls (D:9)
  A hippogriff (D:8)
  Sigmund (D:5)
  A shadow (D:9)
  21 yaks
  A basilisk (D:10)
  2 wyverns
  2 hungry ghosts
  Edmund (D:5)
  3 porcupines (D:10)
  An acid dragon (D:9)
  3 orc warriors
  3 sky beasts
  2 ice beasts
  A phantom (D:7)
  A black bear (D:7)
  8 ogres
  6 centaurs
  2 crocodiles (D:10)
  3 big kobolds
  5 bullfrogs
  A wyvern zombie (D:11)
  2 scorpions
  2 water moccasin skeletons
  4 killer bees (D:10)
  9 wights
  6 howler monkeys
  4 crimson imps
  2 centaur zombies
  2 bullfrog zombies
  6 orc priests
  4 hounds
  A jelly (D:7)
  2 bullfrog skeletons
  4 orc wizards
  5 worker ants
  A hound skeleton (D:10)
  Robin (D:3)
  2 worker ant zombies
  11 adders
  A howler monkey skeleton (D:7)
  2 shadow imps
  3 adder skeletons
  An adder zombie (D:7)
  A worm (D:2)
  4 dart slugs
  5 leopard geckos
  61 orcs
  4 bats
  6 giant cockroaches
  14 goblins
  9 hobgoblins
  16 jackals
  4 quokkas
  A frilled lizard (D:4)
  24 kobolds
  8 rats
309 creatures vanquished.

Vanquished Creatures (others)
  A fungus (D:10)
  A plant (D:10)
  4 withered plants (D:11)
6 creatures vanquished.

Grand Total: 315 creatures vanquished

Notes
Turn   | Place    | Note
-------+----------+-------------------------------------------
     0 | D:1      | Lew the Formicid Fighter began the quest for the Orb.
     0 | D:1      | Reached XP level 1. HP: 18/18 MP: 1/1
    10 | D:1      | You fall through a shaft!
    13 | D:2      | You fall through a shaft for 2 floors!
    17 | D:4      | Reached skill level 1 in Stealth
    21 | D:4      | Reached XP level 2. HP: 17/24 MP: 2/2
    33 | D:4      | Got a distressingly furry ring mail
    44 | D:4      | Identified the +1 ring mail of Yjerut {rElec rN+ Str+4} (You found it on level 4 of the Dungeon)
   106 | D:4      | Found a stormy altar of Qazlal.
   160 | D:4      | Found a staircase to the Ecumenical Temple.
   171 | Temple   | Entered the Ecumenical Temple
   178 | Temple   | Became a worshipper of Warmaster Okawaru
   227 | D:3      | Reached skill level 1 in Dodging
   227 | D:3      | Reached XP level 3. HP: 30/30 MP: 3/3
   230 | D:3      | Reached XP level 4. HP: 37/37 MP: 4/4
   236 | D:3      | Noticed Robin
   260 | D:3      | Killed Robin
   496 | D:3      | Found a shimmering altar of Xom.
  1203 | D:1      | Reached XP level 5. HP: 37/42 MP: 5/5
  2162 | D:2      | Reached skill level 1 in Invocations
  2273 | D:2      | Found a hide-covered altar of Uskayaw.
  2775 | D:3      | Found a hazy altar of Hepliaklqana.
  2798 | D:3      | Reached XP level 6. HP: 48/48 MP: 5/7
  2941 | D:3      | Found an ornate altar of the Wu Jian Council.
  3015 | D:4      | Reached * piety under Okawaru
  3018 | D:4      | Reached skill level 5 in Stealth
  3281 | D:4      | Noticed an ogre
  3295 | D:4      | Killed an ogre
  3331 | D:4      | Noticed an ogre
  3541 | D:4      | Killed an ogre
  3541 | D:4      | Reached skill level 5 in Fighting
  3541 | D:4      | Reached XP level 7. HP: 35/56 MP: 7/9
  3696 | D:5      | Entered Level 5 of the Dungeon
  3749 | D:5      | Reached ** piety under Okawaru
  3927 | D:5      | Noticed Sigmund
  3964 | D:5      | Killed Sigmund
  4302 | D:5      | Noticed Edmund
  4306 | D:5      | Killed Edmund
  4306 | D:5      | Reached skill level 5 in Invocations
  4306 | D:5      | Reached XP level 8. HP: 53/62 MP: 11/11
  5005 | D:6      | Reached skill level 4 in Shields
  5009 | D:6      | Noticed a wyvern
  5022 | D:6      | Killed a wyvern
  5022 | D:6      | Reached *** piety under Okawaru
  5022 | D:6      | Reached skill level 5 in Dodging
  5743 | D:6      | Found a white marble altar of Elyvilon.
  5775 | D:6      | Reached XP level 9. HP: 66/68 MP: 12/12
  5986 | D:6      | Found a sparkling altar of Nemelex Xobeh.
  6298 | D:7      | Reached skill level 5 in Shields
  6311 | D:7      | Found Mecu's Magic Scroll Emporium.
  6581 | D:7      | Bought a scroll of enchant armour for 105 gold pieces
  6581 | D:7      | Bought a scroll of enchant armour for 105 gold pieces
  6587 | D:7      | Gained mutation: Your flesh is cold resistant. (rC+) [potion of mutation]
  6587 | D:7      | Gained mutation: You passively map a small area around you. [potion of mutation]
  6587 | D:7      | Gained mutation: You passively map the area around you. [potion of mutation]
  6640 | D:7      | Reached skill level 5 in Axes
  6640 | D:7      | Reached skill level 5 in Armour
  6640 | D:7      | Reached skill level 6 in Shields
  6661 | D:7      | Reached **** piety under Okawaru
  6959 | D:7      | Found Quridiso's Gadget Shoppe.
  7042 | D:7      | Reached skill level 7 in Shields
  7117 | D:7      | Found Jiruo's Armour Shop.
  7120 | D:7      | Bought a +0 pair of gloves for 49 gold pieces
  7264 | D:7      | Found a shadowy altar of Dithmenos.
  7292 | D:7      | Found Pobue's Food Shoppe.
  7699 | D:8      | Found a glowing silver altar of Zin.
  7754 | D:8      | Reached skill level 8 in Shields
  7754 | D:8      | Reached XP level 10. HP: 74/74 MP: 13/13
  8099 | D:8      | Reached skill level 9 in Shields
  8256 | D:8      | Found a shattered altar of Ashenzari.
  8444 | D:8      | Found an ancient bone altar of Kikubaaqudgha.
  8657 | D:9      | Reached ***** piety under Okawaru
  8735 | D:9      | Found Tejydo's Distillery.
  8736 | D:9      | Noticed a two-headed ogre
  8741 | D:9      | Killed a two-headed ogre
  8741 | D:9      | Reached skill level 10 in Shields
  8783 | D:9      | Noticed a two-headed ogre
  8791 | D:9      | Killed a two-headed ogre
  8791 | D:9      | Reached XP level 11. HP: 70/79 MP: 14/14
  8818 | D:9      | Found a bloodstained altar of Trog.
  8874 | D:9      | Reached skill level 11 in Shields
  8903 | D:9      | Noticed a two-headed ogre
  8922 | D:9      | Killed a two-headed ogre
  8929 | D:9      | Found a staircase to the Orcish Mines.
  9100 | D:9      | Received a gift from Okawaru
  9203 | D:9      | Found an iron altar of Okawaru.
  9242 | D:10     | Entered Level 10 of the Dungeon
  9521 | D:10     | Noticed a two-headed ogre
  9571 | D:10     | Killed a two-headed ogre
  9571 | D:10     | Reached ****** piety under Okawaru
  9571 | D:10     | Reached skill level 12 in Shields
  9813 | D:10     | Found a staircase to the Lair.
 10066 | D:10     | Got an ebony morningstar
 10286 | D:10     | Reached skill level 13 in Shields
 10293 | D:10     | Reached XP level 12. HP: 53/86 MP: 15/15
 10650 | D:10     | Got a steaming falchion
 10684 | D:10     | Identified the +0 morningstar of Ganoul {elec, rC+ Stlth+} (You found it on level 10 of the Dungeon)
 10685 | D:10     | Identified the +6 falchion of Reewus {elec, rElec Dex+3 SInv} (You found it on level 10 of the Dungeon)
 10813 | D:11     | Found a runed gate.
 10813 | D:11     | Found a runed gate.
 10813 | D:11     | Found a runed gate.
 10814 | D:11     | Noticed Lew's ghost (journeyman GrFi)
 10816 | D:11     | Noticed p0werm0de's ghost (novice VSWn)
 10816 | D:11     | Noticed conein's ghost (novice DsMo)
 10823 | D:11     | Noticed Fannar
 11191 | D:11     | Killed Fannar
 11258 | D:11     | Received a gift from Okawaru
 11322 | D:11     | Noticed Erolcha
 11336 | D:11     | Killed Erolcha
 11336 | D:11     | Reached skill level 10 in Armour
 11393 | D:11     | Slain by a red ugly thing

Skill      XL: |  1  2  3  4  5  6  7  8  9 10 11 12 |
---------------+-------------------------------------+-----
Stealth        | 1 2 3 4 5 |  5.0
Dodging        | 1 2 3 4 5 |  5.0
Fighting       | 4 5 |  5.0
Invocations    | 1 3 5 |  5.0
Shields        | 4 8 10 13 | 13.9
Axes           | 4 5 7 8 9 |  9.4
Armour         | 4 6 7 9 10 | 10.0

Action                   |  1- 3 |  4- 6 |  7- 9 | 10-12 || total
-------------------------+-------+-------+-------+-------++-------
Melee: War axe           |    25 |   232 |       |   109 ||   366
       Mace              |       |       |    44 |       ||    44
       Scythe            |       |       |   187 |    39 ||   226
       Halberd           |       |       |       |   409 ||   409
 Abil: Shaft Self        |     2 |       |       |       ||     2
  Use: Scroll            |       |    12 |     7 |     7 ||    26
       Potion            |       |     7 |     4 |     7 ||    18
 Stab: Sleeping          |       |     5 |     9 |     6 ||    20
       Invisible         |       |     1 |       |       ||     1
  Eat: Chunk             |       |     9 |     2 |     7 ||    18
       Ration            |       |       |     4 |     2 ||     6
Armor: Scale mail        |     2 |       |       |       ||     2
       Ring mail         |     7 |   105 |    88 |    93 ||   293
       Skin              |       |       |       |    26 ||    26
Dodge: Dodged            |    10 |   112 |   121 |   189 ||   432
Block: Shield            |    17 |   153 |   182 |   455 ||   807
